 Dungeon Crawl Stone Soup version 0.18-a0-1539-g1c7284a (webtiles) character file.

216 M4edhros the Covert (level 5, -2/33 HPs)
             Began as an Octopode Artificer on Mar 9, 2016.
             Slain by a water moccasin zombie (5 damage)
             ... in an ossuary.
             The game lasted 00:03:16 (3535 turns).

M4edhros the Covert (Octopode Artificer)            Turns: 3535, Time: 00:03:16

Health: -2/33      AC:  1    Str: 10    XL:     5   Next: 93%
Magic:  7/7        EV: 11    Int: 15    God:
Gold:   121        SH:  3    Dex: 13    Spells: 0 memorised, 4 levels left

rFire  . . .     SeeInvis .     (no weapon)
rCold  . . .     Gourm    .     a - +0 buckler
rNeg   . . .     Faith    .     (helmet restricted)
rPois  .         Spirit   .     (no amulet)
rElec  .         Dismiss  .     (no ring)
rCorr  .         Reflect  .     (no ring)
SustAt .         Harm     .     (no ring)
MR     .....                    (no ring)
Stlth  +++++.....               (no ring)
                                (no ring)
                                (no ring)
                                (no ring)

@: flying, not resistant to hostile enchantments, quite stealthy
A: almost no armour, amphibious, 8 rings, constrict 8, camouflage 1, gelatinous
body 1
a: no special abilities


You were in an ossuary.
You were near starving.

You visited 1 branch of the dungeon, and saw 4 of its levels.
You also visited: Ossuary.

You collected 121 gold pieces.

Inventory:

Hand Weapons
 m - a +0 hunting sling
Missiles
 e - 78 stones (quivered)
 i - 5 steel tomahawks
 l - 21 sling bullets
 n - 6 javelins
Armour
 a - a +0 buckler (worn)
Wands
 b - a wand of flame (12/48)
 c - a wand of enslavement (15/24)
 d - a wand of random effects (14/48)
Scrolls
 f - a scroll of enchant armour {unknown}
 g - 3 scrolls of identify {unknown}
 h - a scroll of amnesia {unknown}
 j - a scroll of remove curse {unknown}
 o - a scroll of immolation {unknown}


   Skills:
 - Level 1.0 Fighting
   Level 1.0 Short Blades
 - Level 2.0 Dodging
 + Level 8.1 Stealth
 - Level 3.2 Evocations


You had 4 spell levels left.
You didn't know any spells.

Dungeon Overview and Level Annotations

Branches:
Dungeon (4/15)
 Temple: D:4-7

Altars:
Vehumet


Innate Abilities, Weirdness & Mutations

You cannot wear most types of armour.
You are amphibious.
You can wear up to eight rings at the same time.
You can use your tentacles to constrict eight enemies at once.
Your skin changes colour to match your surroundings (Stealth).
Your rubbery body absorbs attacks (AC +1).


Message History

You squeeze the water moccasin zombie.
You destroy the water moccasin zombie!
Your Stealth skill increases to level 8!
You tentacle-slap the water moccasin zombie.
Your grab misses the water moccasin zombie.
The water moccasin zombie bites you.
* * * LOW HITPOINT WARNING * * *
You tentacle-slap the water moccasin zombie.
You grab the water moccasin zombie. You squeeze the water moccasin zombie!
You constrict the water moccasin zombie.
The water moccasin zombie closely misses you.
Evoke which item? (* to show all) (? for menu, Esc to quit)
Zapping:
b - a wand of flame (13/48)
Press: ? - help, Shift-Dir - straight line, f - water moccasin zombie
Aim: a water moccasin zombie (constricted by you)
The puff of flame hits the water moccasin zombie.
This wand has 12 charges left.
You constrict the water moccasin zombie.
The water moccasin zombie bites you.
You die...

#...#
#...#
#...#
#...#
#'###
#.^.#
#^^^#
#...#
#..@#
###Z#
..#
...#
#...+
#####


You could see a water moccasin zombie.

Vanquished Creatures
  A water moccasin zombie (Ossuary)
  A hound (D:4)
  A worker ant (D:4)
  2 adders (D:2)
  An ooze (D:2)
  2 adder zombies (Ossuary)
  A worm (D:2)
  3 dart slugs
  2 giant geckos
  An orc (D:4)
  4 giant cockroaches
  2 gnoll zombies (Ossuary)
  4 goblins
  6 hobgoblins
  A jackal (D:1)
  13 kobolds
  A quokka (D:2)
  A ball python (D:1)
  8 bats
  3 giant newts
  3 hobgoblin zombies (Ossuary)
  2 kobold zombies (Ossuary)
  An orc zombie (Ossuary)
  A quokka skeleton (D:4)
  6 rats
71 creatures vanquished.

Notes
Turn   | Place    | Note
--------------------------------------------------------------
     0 | D:1      | M4edhros the Octopode Artificer began the quest for the Orb.
     0 | D:1      | Reached XP level 1. HP: 13/13 MP: 3/3
    13 | D:1      | Reached skill level 2 in Stealth
   265 | D:1      | Reached XP level 2. HP: 9/18 MP: 4/4
   335 | D:1      | Reached skill level 3 in Stealth
   866 | D:1      | Reached skill level 4 in Stealth
   911 | D:1      | Reached XP level 3. HP: 17/23 MP: 5/5
  1814 | D:2      | Reached skill level 5 in Stealth
  1892 | D:2      | Found a radiant altar of Vehumet.
  1977 | D:2      | Reached XP level 4. HP: 18/28 MP: 6/6
  2678 | D:2      | Reached skill level 6 in Stealth
  3089 | D:4      | Found a sand-covered staircase.
  3119 | D:4      | Reached skill level 7 in Stealth
  3119 | D:4      | Reached XP level 5. HP: 22/33 MP: 7/7
  3127 | D:4      | Noticed an ogre
  3132 | Ossuary  | Entered an ossuary
  3532 | Ossuary  | Reached skill level 8 in Stealth
  3535 | Ossuary  | Slain by a water moccasin zombie

Vault maps used:
D:1:      dpeg_arrival_boxes_within_box, hangedman_decor_push, minivault_26
D:2:      vehumet_crystals
D:3:      bloody_makhleb, first_bread
D:4:      minmay_door_path, kiku_gazebo_garden_becter,
          chequers_ossuary_entry_cave, uniq_crazy_yiuf_cottage
Ossuary:  ossuary_tomb_2

Skill      XL: |  1  2  3  4  5 |
---------------+----------------+-----
Stealth        | 2 4 5 7 8 |  8.1
Fighting       | |  1.0
Short Blades   | |  1.0
Dodging        | |  2.0
Evocations     | |  3.2

Action                   |  1- 3 |  4- 6 || total
-------------------------+-------+-------++-------
Melee: Unarmed           |   106 |   120 ||   226
Evoke: Wand              |       |     4 ||     4
  Use: Potion            |       |     2 ||     2
 Stab: Sleeping          |     8 |     9 ||    17
       Distracted        |     1 |       ||     1
  Eat: Chunk             |     2 |       ||     2
       Bread ration      |       |     1 ||     1
